 Dungeon Crawl Stone Soup version 0.25-a0-201-g0bb11aece9 (webtiles) character file.

Game seed: 18226188791633563875, levelgen mode: deterministic

470 floatRand the Shield-Bearer (level 7, -5/46 HPs)
             Began as an Octopode Fighter on Dec 2, 2019.
             Was an Initiate of Dithmenos.
             Slain by Prince Ribbit (16 damage)
             ... on level 5 of the Dungeon.
             The game lasted 00:04:36 (4612 turns).

floatRand the Shield-Bearer (Octopode Fighter)      Turns: 4612, Time: 00:04:37

Health: -5/46      AC:  1    Str: 16    XL:     7   Next: 9%
Magic:  7/7        EV: 14    Int: 10    God:    Dithmenos [......]
Gold:   107        SH: 10    Dex: 17    Spells: 6/6 levels left

rFire    . . .     SeeInvis .   n - +1 whip (venom)
rCold    . . .     Gourm    .   b - +0 shield
rNeg     . . .     Faith    .   (helmet restricted)
rPois    .         Spirit   .   (no amulet)
rElec    .         Reflect  .   t - +4 ring of dexterity
rCorr    .         Harm     .   (no ring)
MR       .....                  (no ring)
Stlth    ++++......             (no ring)
HPRegen  0.15/turn              (no ring)
MPRegen  0.10/turn              (no ring)
                                (no ring)
                                (no ring)

@: no status effects
A: almost no armour, stealthy swim, amphibious, 8 rings, constrict 8, camouflage
1, gelatinous body 1
a: Renounce Religion


You were on level 5 of the Dungeon.
You worshipped Dithmenos.
Dithmenos was noncommittal.
You were hungry.

You visited 2 branches of the dungeon, and saw 6 of its levels.

You collected 197 gold pieces.
You spent 90 gold pieces at shops.

Inventory:

Hand Weapons
 a - a +0 long sword
 h - a +0 dagger of speed
 n - a +1 whip of venom (weapon)
 u - a cursed -3 short sword
Armour
 b - a +0 shield (worn)
Jewellery
 m - an uncursed ring of ice
 t - a +4 ring of dexterity (left tentacle)
 x - an uncursed ring of protection from cold {unknown}
Wands
 r - a wand of flame (18)
Scrolls
 k - a scroll of amnesia
 p - 2 scrolls of teleportation
 q - 2 scrolls of identify
 v - 3 scrolls of remove curse {unknown}
Potions
 c - a potion of might
 e - 2 potions of invisibility {unknown}
 f - a potion of lignification {unknown}
 g - a potion of heal wounds {unknown}
 i - 3 potions of magic {unknown}
 j - a potion of ambrosia {unknown}
 l - a potion of flight {unknown}
 o - a potion of cancellation {unknown}
 s - 2 potions of curing
 w - a potion of haste {unknown}
Comestibles
 d - 7 rations


   Skills:
 + Level 3.4 Fighting
 + Level 4.1 Long Blades
 + Level 4.6 Dodging
 * Level 3.6 Stealth
 + Level 4.8 Shields


You had 6 spell levels left.
You didn't know any spells.
Your spell library contained the following spells:

 Spells                   Type           Power        Failure   Level  Hunger
 Confusing Touch          Hex            #.....       80%         1    ##.....
 Confuse                  Hex            #.......     99%         3    ####...
 Gell's Gravitas          Tloc           #.........   99%         3    ####...
 Petrify                  Tmut/Erth      #.......     100%        4    #####..
 Metabolic Englaciation   Hex/Ice        #.........   100%        5    ######.
 Yara's Violent Unravell  Hex/Tmut       #.........   100%        5    ######.


Dungeon Overview and Level Annotations

Branches:
Dungeon (5/15)             Temple (1/1) D:5

Altars:
Cheibriados
Dithmenos
Fedhas
Gozag
Nemelex Xobeh
Qazlal
Sif Muna
Trog
Uskayaw
Vehumet
Wu Jian
Xom
Yredelemnul
Zin
The Shining One

Annotations:
D:5 exclusion: statue, Prince Ribbit


Innate Abilities, Weirdness & Mutations

You cannot wear most types of armour.
You are very stealthy in the water. (Stealth+)
You are amphibious.
You can wear up to eight rings at the same time.
You can use your tentacles to constrict eight enemies at once.
Your skin changes colour to match your surroundings (Stealth+).
Your rubbery body absorbs attacks. (AC +1, EV +1)


Message History

There is a staircase to the Ecumenical Temple, spattered with blood here.
Unknown command.
Unknown command.
You closely miss the leopard gecko. You grab the leopard gecko.
You constrict the leopard gecko. The leopard gecko misses you.
Unknown command.
You hit the leopard gecko.
The leopard gecko is poisoned.
The leopard gecko is severely wounded.
You constrict the leopard gecko.
You kill the leopard gecko!
Dithmenos accepts your kill.
Prince Ribbit blinks!
You closely miss Prince Ribbit. Your grab misses Prince Ribbit.
Prince Ribbit hits you!
You miss Prince Ribbit. You grab Prince Ribbit. You squeeze Prince Ribbit!
Prince Ribbit is moderately wounded.
You constrict Prince Ribbit. Prince Ribbit hits you!
* * * LOW HITPOINT WARNING * * *
Prince Ribbit hits you!
You die...

.##...##..##.......#
..+.......##..##...#
###.......##......#####..
#.......#.............l
........#..##...#....(.
#........#.#ยง.#.#.......
#.#....#..#....
.#..#....##.....
.......@........
....##..F.#.....
...#..#....#..#
##....#.#..# .#
##..#...##.. # ..[. ..(
... ..... ... ..# .##.
##..# .#


You could see Prince Ribbit.

Vanquished Creatures
  A sky beast (D:4)
  An orc priest (D:4)
  A centaur skeleton (D:4)
  An orc wizard (D:3)
  A bullfrog skeleton (D:4)
  Natasha (thrice) (D:2)
  A worker ant (D:4)
  5 adders
  2 oozes
  An adder skeleton (D:4)
  A worm (D:4)
  2 dart slugs
  4 leopard geckos
  12 orcs
  2 ball pythons (D:1)
  4 giant cockroaches
  7 goblins
  4 hobgoblins
  4 jackals (D:1)
  11 kobolds
  10 bats
  9 frilled lizards
  7 rats
94 creatures vanquished.

Notes
Turn   | Place    | Note
-------+----------+-------------------------------------------
     0 | D:1      | floatRand the Octopode Fighter began the quest for the Orb.
     0 | D:1      | Reached XP level 1. HP: 16/16 MP: 1/1
    21 | D:1      | Reached XP level 2. HP: 10/21 MP: 2/2
   442 | D:1      | Reached XP level 3. HP: 20/26 MP: 3/3
  1102 | D:2      | Reached XP level 4. HP: 31/31 MP: 4/4
  1150 | D:2      | Found a bloodstained altar of Trog.
  1187 | D:2      | Noticed Natasha
  1203 | D:2      | Killed Natasha
  1242 | D:2      | Noticed Natasha
  1252 | D:2      | Killed Natasha
  1252 | D:2      | Reached XP level 5. HP: 26/36 MP: 5/5
  1527 | D:2      | Noticed Natasha
  1534 | D:2      | Killed Natasha
  2733 | D:3      | Found an ornate altar of the Wu Jian Council.
  2931 | D:3      | Reached skill level 1 in Stealth
  2931 | D:3      | Reached XP level 6. HP: 39/42 MP: 6/6
  2947 | D:3      | Found Zin's Purification Station.
  2947 | D:3      | Found a glowing silver altar of Zin.
  2954 | D:3      | Bought a potion of curing for 90 gold pieces
  3598 | D:4      | Noticed a sky beast
  3847 | D:4      | Killed a sky beast
  4176 | D:4      | Reached XP level 7. HP: 35/46 MP: 7/7
  4476 | D:5      | Entered Level 5 of the Dungeon
  4575 | D:5      | Found a radiant altar of Vehumet.
  4585 | D:5      | Found a staircase to the Ecumenical Temple.
  4587 | D:5      | Noticed Prince Ribbit
  4595 | Temple   | Entered the Ecumenical Temple
  4602 | Temple   | Became a worshipper of Dithmenos the Shadowed
  4612 | D:5      | Slain by Prince Ribbit

Levels and vault maps discovered:
D:1:      ncdulo_lavacross, layout_basic, roderic_malta_cross
D:2:      layout_basic, bloody_trog, uniq_natasha
D:3:      layout_rooms, lemuel_round_altar, zin_purify
D:4:      layout_loops_ring, chequers_mini_garden
D:5:      black_bear_nest_2, layout_gridville, lemuel_crystal_altar,
          vehumet_statue, minmay_temple_entry_mini_moons, enter_ossuary_1,
          first_ration, uniq_prince_ribbit1
Temple:   minmay_freezing_vapour_temple

Skill      XL: |  1  2  3  4  5  6 |
---------------+-------------------+-----
Long Blades    | 3 4 |  4.1
Dodging        | 4 |  4.6
Shields        | 4 |  4.8
Stealth        | 1 3 |  3.6
Fighting       | |  3.4

Action                   |  1- 3 |  4- 6 |  7- 9 || total
-------------------------+-------+-------+-------++-------
Melee: Long sword        |    49 |     6 |       ||    55
       Constrict         |    16 |    30 |     4 ||    50
       Tentacles         |     8 |    20 |     2 ||    30
       Whip              |       |   121 |    13 ||   134
  Use: Scroll            |       |     4 |       ||     4
 Stab: Sleeping          |     7 |     9 |     1 ||    17
  Eat: Chunk             |     1 |     8 |     2 ||    11
Armor: Skin              |     5 |    11 |       ||    16
Dodge: Dodged            |    20 |    39 |     6 ||    65
Block: Shield            |    16 |    59 |     4 ||    79
       Rpst.: Long sword |     7 |     1 |       ||     8

Table legend:
 A = Non-vault XP
 B = Vault XP
 C = Vault XP percentage of total XP
 D = Non-vault monster count
 E = Vault monster count
 F = Vault count percentage of total count
                 A         B        C        D         E       F
            +---------+---------+-------+---------+---------+-------
      Total |     635 |      37 |   5.5 |      93 |       1 |   1.1
            +---------+---------+-------+---------+---------+-------
        D:1 |      57 |       0 |   0.0 |      27 |       0 |   0.0
        D:2 |     157 |      37 |  19.1 |      29 |       1 |   3.3
        D:3 |      97 |       0 |   0.0 |      24 |       0 |   0.0
        D:4 |     321 |       0 |   0.0 |      12 |       0 |   0.0
        D:5 |       3 |       0 |   0.0 |       1 |       0 |   0.0
            +---------+---------+-------+---------+---------+-------
